 Dungeon Crawl Stone Soup version 0.21-a0-241-g2cbab09 (webtiles) character file.

123 Chiseanne the Bolt Thrower (level 4, -3/35 HPs)
             Began as a Mummy Wanderer on Sept 3, 2017.
             Killed from afar by an orc wizard (6 damage)
             ... with a magic dart
             ... on level 3 of the Dungeon.
             The game lasted 00:05:06 (2594 turns).

Chiseanne the Bolt Thrower (Mummy Wanderer)         Turns: 2594, Time: 00:05:06

Health: -3/35      AC:  5    Str: 13    XL:     4   Next: 79%
Magic:  13/13      EV: 12    Int: 12    God:
Gold:   45         SH:  0    Dex: 13    Spells: 3/3 levels left

rFire    x . .     SeeInvis .   a - +3 whip (elec)
rCold    + . .     Gourm    .   (no shield)
rNeg     + + +     Faith    .   n - +2 robe
rPois    ∞         Spirit   .   (no helmet)
rElec    .         Reflect  .   (no cloak)
rCorr    .         Harm     .   l - +0 pair of gloves
MR       .....                  (no boots)
Stlth    +.........             (no amulet)
HPRegen  0.11/turn              k - ring of magical power
MPRegen  0.13/turn              (no ring)

@: no status effects
A: no food or potions, fire vulnerability, cold resistance 1, negative energy
resistance 3, torment resistance, unbreathing
a: no special abilities


You were on level 3 of the Dungeon.
You were not hungry.

You visited 1 branch of the dungeon, and saw 3 of its levels.

You collected 45 gold pieces.

Inventory:

Hand Weapons
 a - a +3 whip of electrocution (weapon)
 e - a +2 hand crossbow
 w - a +0 blowgun
Missiles
 b - 60 bolts
 c - 49 arrows
 f - 46 stones (quivered)
 g - 47 sling bullets
 m - 26 poisoned needles
Armour
 i - a cursed +0 leather armour
 l - a +0 pair of gloves (worn)
 n - a +2 robe (worn)
Jewellery
 k - a ring of magical power (left hand)
Scrolls
 d - 2 scrolls of teleportation
 h - 2 scrolls of enchant armour
 j - a scroll of immolation {unknown}
 o - a scroll of enchant weapon
 p - a scroll of noise {unknown}


   Skills:
 * Level 3.5 Fighting
   Level 1.0 Polearms
 * Level 4.0 Crossbows
 - Level 1.0 Throwing
 - Level 1.0 Armour
 * Level 1.4 Dodging
   Level 1.0 Shields


You had 3 spell levels left.
You didn't know any spells.

Dungeon Overview and Level Annotations

Branches:
Dungeon (3/15)

Altars:
Trog
Uskayaw


Innate Abilities, Weirdness & Mutations

You do not eat or drink.
Your flesh is vulnerable to fire.
You are immune to poison.
Your flesh is cold resistant. (rC+)
You are immune to negative energy. (rN+++)
You are immune to unholy pain and torment.
You can survive without breathing.


Message History

The orc is almost dead.
The orc closely misses you.
You closely miss something. You closely miss something. Something hits you.
You miss something.
You hear some strange, mumbled words.
A puff of flame appears from out of thin air!
The puff of flame hits you! The fire burns you terribly!
* * * LOW HITPOINT WARNING * * *
You closely miss something. Something hits you.
* * * LOW HITPOINT WARNING * * *
You closely miss something. Something hits you.
* * * LOW HITPOINT WARNING * * *
You closely miss something. Something hits you.
* * * LOW HITPOINT WARNING * * *
The orc grunts repeatedly, in orcish tradition.
You hear some strange, mumbled words.
A magic dart appears from out of thin air!
The magic dart hits you!
You die...

###......%.....
#..†...###...
#####..#####
#.. #!....## ..
##.#..## .
######..†.##
#).....#.##
#####...# #@###
#)# .<.....o..#
.............
...............
#####...##.....
...## .....
.... ..## ##.##
###


You could see an orc.

Vanquished Creatures
  5 adders
  A worm (D:2)
  A dart slug (D:3)
  2 leopard geckos (D:1)
  5 orcs (D:3)
  A ball python (D:2)
  4 bats
  4 giant cockroaches
  5 hobgoblins
  8 jackals
  A quokka (D:3)
  5 frilled lizards
  7 goblins
  5 kobolds
  9 rats
63 creatures vanquished.

Notes
Turn   | Place    | Note
-------+----------+-------------------------------------------
     0 | D:1      | Chiseanne the Mummy Wanderer began the quest for the Orb.
     0 | D:1      | Chiseanne set off with: a +2 hand crossbow, 23 bolts, a +0 quarterstaff, a scroll of teleportation, a +0 robe
     0 | D:1      | Reached XP level 1. HP: 16/16 MP: 1/1
   222 | D:1      | Reached XP level 2. HP: 22/22 MP: 2/2
  1010 | D:2      | Found a bloodstained altar of Trog.
  1040 | D:2      | Found a hide-covered altar of Uskayaw.
  1046 | D:2      | Reached XP level 3. HP: 25/28 MP: 3/3
  1051 | D:2      | Reached skill level 1 in Dodging
  1056 | D:2      | You fall through a shaft!
  1788 | D:2      | Reached XP level 4. HP: 35/35 MP: 4/4
  1983 | D:3      | Reached skill level 4 in Crossbows
  2594 | D:3      | Killed from afar by an orc wizard

Vault maps used:
D:1:      nzn_arrival_depleted_hourglass, serial_corexii_hall,
          corexii_hall_statues_x, corexii_hall_statues_x
D:2:      nicolae_overflow_crystal_walls, bloody_trog, first_bread,
          minmay_misc_feat_encased, hangedman_abyss_or_decor_stabs

Skill      XL: |  1  2  3  4 |
---------------+-------------+-----
Dodging        | 1 |  1.4
Fighting       | 3 |  3.5
Crossbows      | 4 |  4.0
Polearms       | |  1.0
Throwing       | |  1.0
Armour         | |  1.0
Shields        | |  1.0

Action                   |  1- 3 |  4- 6 || total
-------------------------+-------+-------++-------
Melee: Whip              |   106 |    59 ||   165
       Quarterstaff      |     3 |       ||     3
 Fire: Hand crossbow     |     4 |       ||     4
  Use: Scroll            |     4 |     4 ||     8
 Stab: Sleeping          |     1 |       ||     1
Armor: Robe              |    27 |     7 ||    34
Dodge: Dodged            |    84 |    32 ||   116

Table legend:
 A = Spawn XP
 B = Non-spawn XP
 C = Spawn XP percentage of total XP
 D = Spawn monster count
 E = Non-spawn monster count
 F = Spawn count percentage of total count
 G = Total turns spent on level
                    A         B        C        D         E        F      G
               +---------+---------+-------+---------+---------+-------+---------
         Total |      22 |     154 |  12.5 |      12 |      51 |  19.0 |  2594
               +---------+---------+-------+---------+---------+-------+---------
           D:1 |       4 |      32 |  11.1 |       2 |      20 |   9.1 |   922
           D:2 |       9 |      61 |  12.9 |       5 |      13 |  27.8 |   965
           D:3 |       9 |      61 |  12.9 |       5 |      18 |  21.7 |   707
               +---------+---------+-------+---------+---------+-------+---------
